 Dungeon Crawl Stone Soup version 0.29.0-11-gd7f09526c8 (webtiles) character file.

Game seed: 13181189766705036351

207 sanka the Ruffian (level 5, 0/36 HPs)
             Began as an Octopode Cinder Acolyte on Sept 6, 2022.
             Was a High Priest of Ignis.
             Slain by Terence
             ... wielding a +0 trident
              (11 damage)
             ... on level 2 of the Dungeon.
             The game lasted 00:01:44 (1316 turns).

sanka the Ruffian (Octopode Cinder Acolyte)         Turns: 1316, Time: 00:01:45

Health: 0/36       AC:  1    Str: 13    XL:     5   Next: 85%
Magic:  1/6        EV: 12    Int: 16    God:    Ignis [*****.]
Gold:   73         SH:  0    Dex: 10    Spells: 4/6 levels left

rFire   + . .      SeeInvis .   e - +4 scythe
rCold   . . .      Faith    .   (shield currently unavailable)
rNeg    + . .      Spirit   .   (helmet restricted)
rPois   .          Reflect  .   (no amulet)
rElec   .          Harm     .   j - ring of positive energy
rCorr   .          Rampage  .   (no ring)
Will    .....                   (no ring)
Stlth   ++........              (no ring)
HPRegen 0.12/turn               (no ring)
MPRegen 0.10/turn               (no ring)
                                (no ring)
                                (no ring)

@: no status effects
A: almost no armour, amphibious, 8 rings, camouflage 1, gelatinous body 1,
(nimble swimmer 1), tentacles
a: Renounce Religion, Fiery Armour, Foxfire Swarm, Rising Flame


You were on level 2 of the Dungeon.
You worshipped Ignis.
Ignis was extremely pleased with you.
You visited 1 branch of the dungeon, and saw 2 of its levels.

You collected 73 gold pieces.


Innate Abilities, Weirdness & Mutations

You cannot wear most types of armour.
You are amphibious.
You can wear up to eight rings at the same time.
Your skin changes colour to match your surroundings (Stealth+).
Your rubbery body absorbs attacks. (AC +1, EV +1)
((You are camouflaged when in or above water. (Stealth+)))
You have tentacles for arms and can constrict up to eight enemies at once.


   Skills:
 - Level 3.0 Fighting
 + Level 1.5 Dodging
 - Level 6.0 Unarmed Combat
 - Level 1.0 Spellcasting
 - Level 3.0 Fire Magic


You had 4 spell levels left.
You knew the following spells:

 Your Spells              Type           Power      Damage    Failure   Level
y - Scorch                Fire           20%        2d6       10%         2

Your spell library contained the following spells:

 Spells                   Type           Power      Damage    Failure   Level


Inventory:

Hand Weapons
 e - a +4 scythe (weapon)
Magical Staves
 i - a staff of earth
Jewellery
 j - a ring of positive energy (left tentacle)
Scrolls
 c - 3 scrolls of identify {unknown}
 d - a scroll of poison {unknown}
 h - a scroll of fear {unknown}
Potions
 a - a potion of brilliance {unknown}
 b - 3 potions of might {unknown}
 f - a potion of heal wounds {unknown}
 g - a potion of degeneration {unknown}

Dungeon Overview and Level Annotations

Branches:
Dungeon (2/15)

Altars:

Annotations:
D:2 1 runed translucent door, Crazy Yiuf, Terence

▒.▒ ▒..▒ ▒.▒ ▒▒ ▒..▒ ▒.▒ ▒.. ▒
▒▒▒▒▒▒▒▒.▒ ▒.▒ .▒ ▒........▒ ▒.▒
.▒ ▒.▒▒▒▒▒▒▒▒▒▒.▒▒▒▒.▒▒▒ ▒▒.▒▒
▒▒..........▒▒▒
▒...▒▒▒▒▒▒..............
..▒....††.†.....x.@▒
▒...▒▒▒▒▒▒....▒▒▒..▒
▒.............▒▒ ..▒
▒...▒▒▒▒▒▒▒....▒ >.!.............
▒...▒ ▒▒.▒.▒ .)...▒..........
▒...▒ ▒.▒.▒ ..▒▒............
....▒▒▒▒▒▒▒▒.▒.▒▒..▒▒[▒..........
▒▒...............................
▒▒.▒▒▒▒▒▒▒▒..........▒.........▒


You could see Terence.


Message History

You reach to attack!
You hit Terence.
Terence is moderately wounded.
Terence closely misses you.
Terence hits you from afar with a +0 trident!
You reach to attack!
You hit Terence.
Terence is moderately wounded.
Terence barely misses you.
You reach to attack!
You closely miss Terence.
Terence is moderately wounded.
Terence closely misses you. Terence closely misses you.
You reach to attack!
You hit Terence but do no damage.
Terence is moderately wounded.
Terence barely misses you.
You reach to attack!
You hit Terence.
Terence is severely wounded.
Terence hits you from afar with a +0 trident!
* * * LOW HITPOINT WARNING * * *
Terence barely misses you.
You reach to attack!
You hit Terence.
Terence is almost dead.
Terence looks scornfully at you.
Terence hits you from afar with a +0 trident!
You die...

Action                   |  1- 3 |  4- 6 || total
-------------------------+-------+-------++-------
Melee: Unarmed           |    29 |       ||    29
       Constrict         |     8 |     7 ||    15
       Tentacles         |     3 |     3 ||     6
       Halberd           |       |    47 ||    47
       Punch             |       |     2 ||     2
 Cast: Scorch            |       |     5 ||     5
 Stab: Sleeping          |     1 |     4 ||     5
Armor: Skin              |     2 |     6 ||     8
Dodge: Dodged            |    15 |    41 ||    56

Levels and vault maps discovered:
D:1:      psy_arrival_conway, layout_basic, hellmonk_ecumenical_altar_blasted
D:2:      layout_loops_ring, basic_altar, chequers_serial_rivers_micro_a,
          kennysheep_generic_room_8, uniq_sigmund, uniq_terence,
          uniq_crazy_yiuf_cottage

Notes
Turn   | Place    | Note
-------+----------+-------------------------------------------
     0 | D:1      | sanka the Octopode Cinder Acolyte began the quest for the
                  | Orb.
     0 | D:1      | Reached XP level 1. HP: 16/16 MP: 2/2
   263 | D:1      | Found a faded altar of an unknown god.
   439 | D:1      | Reached XP level 2. HP: 21/21 MP: 3/3
   602 | D:2      | Noticed Sigmund
   614 | D:2      | Killed Sigmund
   615 | D:2      | Reached skill level 6 in Unarmed Combat
   615 | D:2      | Reached XP level 3. HP: 12/26 MP: 4/4
   615 | D:2      | Reached XP level 4. HP: 15/31 MP: 5/5
   615 | D:2      | Reached XP level 5. HP: 17/36 MP: 6/6
   770 | D:2      | Learned a level 2 spell: Scorch
  1028 | D:2      | Reached skill level 1 in Dodging
  1108 | D:2      | Found a runed translucent door.
  1109 | D:2      | Noticed Crazy Yiuf
  1303 | D:2      | Noticed Terence
  1316 | D:2      | Slain by Terence

Vanquished Creatures
  Sigmund (D:2)
  A worm (D:2)
  3 dart slugs
  5 ball pythons
  3 endoplasms
  2 giant cockroaches (D:2)
  A goblin (D:1)
  2 hobgoblins (D:2)
  6 jackals (D:2)
  3 kobolds
  6 bats
  A frilled lizard (D:1)
  2 rats
36 creatures vanquished.
